 Dungeon Crawl Stone Soup version 0.18.1-8-gdd0e5ea (webtiles) character file.

315 Karodes the Covered (level 6, 0/55 HPs)
             Began as a Deep Dwarf Wanderer on May 25, 2016.
             Was an Initiate of Pakellas.
             Slain by an ogre
             ... wielding a +0 giant club
              (15 damage)
             ... on level 7 of the Dungeon.
             The game lasted 00:59:57 (3121 turns).

Karodes the Covered (Deep Dwarf Wanderer)           Turns: 3121, Time: 00:59:58

Health: 0/55       AC: 10    Str: 17    XL:     6   Next: 19%
Magic:  7/7        EV: 11    Int: 15    God:    Pakellas [......]
Gold:   160        SH:  0    Dex: 10    Spells: 2 memorised, 3 levels left

rFire  . . .     SeeInvis +     a - +2 mace
rCold  + . .     Gourm    .     d - +0 ring mail
rNeg   . . .     Faith    .     (no shield)
rPois  .         Spirit   .     (no helmet)
rElec  .         Dismiss  .     i - +2 cloak
rCorr  .         Reflect  .     o - +0 pair of gloves
SustAt .         Harm     .     (no boots)
MR     .....                    (no amulet)
Stlth  +.........               A - ring of see invisible
                                g - ring of protection from cold

@: non-regenerating, not resistant to hostile enchantments, very unstealthy
A: damage resistance, recharge devices, sense surroundings 1, slow regeneration
3
a: Device Recharging, Renounce Religion


You were on level 7 of the Dungeon.
You worshipped Pakellas.
Pakellas was noncommittal.
You were not hungry.

You visited 1 branch of the dungeon, and saw 7 of its levels.

You collected 160 gold pieces.

Inventory:

Hand Weapons
 a - a +2 mace (weapon)
 b - a +0 shortbow
 q - a +0 short sword of draining
 v - a +0 hunting sling
 D - a +0 whip
Missiles
 c - 61 arrows
 m - 42 bolts
 t - 71 stones (quivered)
Armour
 d - a +0 ring mail (worn)
 i - a +2 cloak (worn)
 k - a +0 chain mail
 o - a +0 pair of gloves (worn)
 y - a +0 plate armour
 z - a +0 chain mail
Magical Staves
 u - an uncursed staff of earth
Jewellery
 g - a ring of protection from cold (left hand)
 A - a ring of see invisible (right hand)
Wands
 e - a wand of heal wounds (4/9)
Scrolls
 h - a scroll of identify {unknown}
 r - a scroll of blinking {unknown}
 s - a scroll of remove curse
Potions
 j - 3 potions of magic {unknown}
 l - a potion of agility {unknown}
 n - a potion of berserk rage {unknown}
 p - a potion of brilliance {unknown}
 x - 4 potions of curing {unknown}
 C - a potion of heal wounds {unknown}
 E - 2 potions of resistance {unknown}
 F - 2 potions of haste {unknown}
Books
 w - a book of Minor Magic

   Spells                             Type                      Level
   a - Magic Dart                     Conjuration                  1
   b - Blink                          Translocation                2
   c - Call Imp                       Summoning                    2
   d - Repel Missiles                 Charms/Air                   2
   e - Slow                           Hexes                        2
   f - Conjure Flame                  Conjuration/Fire             3
   g - Mephitic Cloud                 Conjuration/Poison/Air       3
Comestibles
 f - 2 bread rations


   Skills:
 + Level 2.5 Fighting
 + Level 1.0 Short Blades
 - Level 2.6(2.7) Maces & Flails
 + Level 0.1(1.4) Staves
 + Level 0.2 Bows
 + Level 4.4 Armour
 + Level 2.9 Dodging
 - Level 1.5 Stealth
   Level 1.1 Shields
 + Level 1.2 Spellcasting
 + Level 0.1 Hexes
   Level 1.0 Summonings
   Level 1.0 Fire Magic
 + Level 0.6 Evocations


You had 3 spell levels left.
You knew the following spells:

 Your Spells              Type           Power        Failure   Level  Hunger
a - Slow                  Hex            #.......     73%         2    ###....
b - Blink                 Tloc           N/A          73%         2    ###....


Dungeon Overview and Level Annotations

Branches:
Dungeon (7/15)
 Temple: D:4-7

Altars:
Pakellas
Yredelemnul

Shops:
D:6 =

Annotations:
D:4 Robin
D:5 eragonby's ghost, novice TrMo


Innate Abilities, Weirdness & Mutations

You are resistant to damage.
You can recharge devices by infusing magical energy.
You passively map a small area around you.
You do not regenerate naturally.


Message History

[Y]es or [N]o only, please.
Really attack while wielding your +0 shortbow?
Okay, then.
a - a +2 mace (weapon)
The ogre hits you with a giant club!
The giant frog hits you but does no damage.
You hit the ogre.
The ogre is moderately wounded.
The giant frog misses you. The ogre hits you with a giant club!
The giant frog barely misses you.
You hit the ogre.
The ogre is heavily wounded.
The giant frog hits you but does no damage.
The ogre hits you with a giant club!
* * * LOW HITPOINT WARNING * * *
The giant frog hits you.
The giant frog hits you but does no damage.
The ogre hits you with a giant club!
You die...
Pakellas says: Good help is so hard to find these days!

, .# ..#. *
....... , , **
....... * , ,*
.#...#. , , *
*....... * *
.,,,,, Z...../
...#####.#...#.
, , ,
.......aF......
, ,
......O@###.#.#
* * ##.####.# *
* #.# , #.# ,
#.# , * #.# , ,
#.# , * #(# * ,
, * *


You could see an ogre, a giant frog, a worker ant and a quokka zombie.

Vanquished Creatures
  A crimson imp (D:5)
  A giant frog zombie (D:5)
  A hound (D:6)
  An orc wizard (D:5)
  A jelly (D:5)
  2 worker ants (D:5)
  A gnoll (D:1)
  4 adders
  An adder zombie (D:5)
  2 worms
  2 dart slugs (D:3)
  A giant gecko (D:1)
  6 orcs
  A ball python (D:1)
  A giant cockroach (D:3)
  6 goblins
  4 hobgoblins
  3 jackals (D:1)
  2 kobolds (D:1)
  2 quokkas
  5 bats
  2 giant newts
  A quokka skeleton (D:5)
  7 rats
58 creatures vanquished.

Notes
Turn   | Place    | Note
--------------------------------------------------------------
     0 | D:1      | Karodes the Deep Dwarf Wanderer began the quest for the Orb.
     0 | D:1      | Karodes set off with: a +2 mace, a +0 shortbow, 25 arrows, a +0 ring mail, a wand of heal wounds (5/9), a bread ration
     0 | D:1      | Reached XP level 1. HP: 18/18 MP: 2/2
   134 | D:1      | Reached XP level 2. HP: 23/25 MP: 3/3
   544 | D:2      | Reached XP level 3. HP: 26/31 MP: 4/4
   598 | D:2      | Reached skill level 3 in Armour
   598 | D:2      | Reached skill level 1 in Dodging
  1064 | D:2      | Learned a level 2 spell: Slow
  1704 | D:3      | Reached XP level 4. HP: 29/38 MP: 5/5
  1901 | D:4      | Noticed Robin
  1905 | D:5      | Entered Level 5 of the Dungeon
  1992 | D:5      | Found an oddly glowing altar of Pakellas.
  1992 | D:5      | Noticed a hungry ghost
  1996 | D:5      | Became a worshipper of Pakellas the Inventive
  2116 | D:5      | Reached XP level 5. HP: 23/45 MP: 3/6
  2145 | D:5      | Reached skill level 1 in Short Blades
  2145 | D:5      | Reached skill level 4 in Armour
  2155 | D:5      | Noticed eragonby's ghost (novice TrMo)
  2321 | D:5      | Learned a level 2 spell: Blink
  2740 | D:5      | Found a basalt altar of Yredelemnul.
  2879 | D:5      | Reached XP level 6. HP: 32/55 MP: 7/7
  3030 | D:6      | Found Bidi's Jewellery Shop.
  3094 | D:6      | Noticed an ice beast
  3121 | D:7      | Slain by an ogre

Skill      XL: |  1  2  3  4  5 |
---------------+----------------+-----
Armour         | 3 4 |  4.4
Dodging        | 1 2 |  2.9
Fighting       | 2 |  2.5
Short Blades   | 1 |  1.0
Maces & Flails | |  2.6
Staves         | |  0.1
Bows           | |  0.2
Stealth        | |  1.5
Shields        | |  1.1
Spellcasting   | |  1.2
Hexes          | |  0.1
Summonings     | |  1.0
Fire Magic     | |  1.0
Evocations     | |  0.6

Action                   |  1- 3 |  4- 6 || total
-------------------------+-------+-------++-------
Melee: Mace              |    34 |    85 ||   119
       Short sword       |   110 |    53 ||   163
       Staff             |     7 |       ||     7
 Fire: Shortbow          |     2 |    12 ||    14
 Cast: Slow              |       |     1 ||     1
Evoke: Wand              |       |     7 ||     7
  Use: Scroll            |     1 |     4 ||     5
  Eat: Bread ration      |     1 |     1 ||     2
       Pizza             |     1 |       ||     1
Armor: Ring mail         |    30 |    81 ||   111
       Chain mail        |    79 |       ||    79
       Plate armour      |    31 |       ||    31
Dodge: Dodged            |    70 |   103 ||   173
